 Dungeon Crawl Stone Soup version 0.31.0-9-g3a7656b989 (webtiles) character file.

Game seed: 1744576763825805498

135 qw the Shooter (level 4, -5/23 HPs)
             Began as a Spriggan Hunter on Feb 2, 2024.
             Slain by Grinder (9 damage)
             ... on level 3 of the Dungeon.
             The game lasted 00:00:07 (1879 turns).

qw the Shooter (Spriggan Hunter)                    Turns: 1879, Time: 00:00:07

Health: -5/23      AC:  2    Str:  7    XL:     4   Next: 96%
Magic:  5/5        EV: 20    Int: 10    God:
Gold:   180        SH:  0    Dex: 20    Spells: 3/3 levels left

rFire   . . .        a - +0 shortbow (flame)
rCold   . . .        (shield currently unavailable)
rNeg    + . .        c - +0 robe
rPois   .            (helmet restricted)
rElec   .            (no cloak)
rCorr   .            (gloves unavailable)
SInv    +            (boots unavailable)
Will    .....        (no amulet)
Stlth   ++           f - ring of positive energy
HPRegen 0.23/turn    (no ring)
MPRegen 0.09/turn

%: no passive effects
@: very quick
A: very small, no large weapons, unfitting armour, see invisible, speed 3
a: no special abilities


You were on level 3 of the Dungeon.
You visited 1 branch of the dungeon, and saw 3 of its levels.

You collected 180 gold pieces.


Innate Abilities, Weirdness & Mutations

You are very small and have problems with some larger weapons.
You are too small for most types of armour.
You have supernaturally acute eyesight. (SInv)
You cover ground extremely quickly. (Speed+++)


   Skills:
 - Level 2.1 Fighting
 + Level 5.1 Ranged Weapons
 - Level 5.0 Dodging
 - Level 1.5 Stealth


You had 3 spell levels left.
You didn't know any spells.
Your spell library was empty.

Inventory:

Hand Weapons
 a - a +0 shortbow of flaming (weapon)
Armour
 c - a +0 robe (worn)
Jewellery
 f - a ring of positive energy (left hand)
Wands
 b - a wand of flame (11)
 d - a wand of charming (10)
Scrolls
 e - 2 scrolls of teleportation {unknown}
 h - a scroll of summoning {unknown}
 j - a scroll of blinking {unknown}
 k - a scroll of noise {unknown}
Potions
 g - a potion of resistance
 i - 2 potions of enlightenment
 m - a potion of curing {unknown}
 n - a potion of heal wounds {unknown}

Dungeon Overview and Level Annotations

Branches:
Dungeon (3/15)

Altars:

Annotations:
D:3 Grinder


Message History

The iguana bites you.
You shoot an arrow. The arrow hits the iguana.
The arrow burns the iguana.
You kill the iguana!
Your Fighting skill increases to level 2!
You start resting.
HP restored.
You see here an iguana corpse.
k - a scroll labelled DIATONTEEM A kobold comes into view.
It is wielding a +0 short sword and quivering poisoned darts.
The kobold shouts!
You shoot an arrow. The arrow closely misses the kobold.
You shoot an arrow. The arrow hits the kobold!
The arrow burns the kobold.
You kill the kobold!
Grinder and a dart slug come into view.
Things that are here:
a +0 short sword; 3 poisoned darts You shoot an arrow.
Grinder shouts!
The arrow hits Grinder but does no damage.
You shoot an arrow. The arrow hits Grinder.
The arrow burns Grinder.
Grinder is lightly wounded.
Grinder completely misses you.
You shoot an arrow. The arrow hits Grinder.
The arrow burns Grinder.
Grinder is moderately wounded.
Grinder gestures at you. Pain shoots through your body!
You shoot an arrow. The arrow hits Grinder.
The arrow burns Grinder.
Grinder is moderately wounded.
Grinder hits you!
You writhe in agony.
Grinder misses you.
You shoot an arrow.
The arrow hits Grinder but does no damage.
Grinder is moderately wounded.
Grinder misses you.
You shoot an arrow. The arrow hits Grinder.
The arrow burns Grinder.
Grinder is heavily wounded.
Grinder hits you!
You shoot an arrow. The arrow barely misses Grinder.
Grinder hits you!
You die...
Grinder says, "Hey, I wasn't done torturing you yet!"

.# .# %# #.# .###
#####.# . # .#..
.....####.# .# .#.#
##........ .. ##### #
.#.# ##......... ..
......## .#.#
###.....## .# ........
.#.# #........###.#.=#
######## .#.##
#.........@5..# #
....###.##...#####....#
#.#.....###..# .#.#
....###.####.# # ######
##...........# ......
######.###### ......
#.# ###### #.# # #..


You could see Grinder.

Vanquished Creatures
  An iguana (D:3)
  3 gnolls (D:3)
  An adder (D:3)
  2 dart slugs (D:1)
  2 orcs (D:3)
  2 endoplasms (D:1)
  3 giant cockroaches
  10 hobgoblins
  5 jackals
  3 quokkas
  3 ball pythons
  5 bats
  3 frilled lizards
  7 goblins
  4 kobolds
  6 rats
60 creatures vanquished.

Notes
Turn   | Place    | Note
-------+----------+-------------------------------------------
     0 | D:1      | qw the Spriggan Hunter began the quest for the Orb.
     0 | D:1      | Reached XP level 1. HP: 10/10 MP: 2/2
     0 | D:1      | 0 ||| qw: Version: 0.3-a-155-g5e7d8dd
     0 | D:1      | 0 ||| qw: Game counter: 1486
     0 | D:1      | 0 ||| qw: Melee chars always use a shield: true
     0 | D:1      | 0 ||| qw: God list: Okawaru
     0 | D:1      | 0 ||| qw: Allow faded altars: false
     0 | D:1      | 0 ||| qw: Do Orc after clearing Dungeon:15 true
     0 | D:1      | 0 ||| qw: Do second Lair branch before Depths: true
     0 | D:1      | 0 ||| qw: Lair rune preference: random
     0 | D:1      | 0 ||| qw: Goals: Normal
     0 | D:1      | 0 ||| PLANNING D:1-11
    52 | D:1      | Reached skill level 3 in Dodging
   226 | D:1      | Reached XP level 2. HP: 14/14 MP: 3/3
   713 | D:1      | Reached XP level 3. HP: 18/18 MP: 4/4
   834 | D:1      | 834 ||| UPGRADING to ring of positive energy.
   835 | D:1      | 835 ||| READING scroll labelled XEVAIM VOUR.
   835 | D:1      | 835 ||| ENCHANTING +0 shortbow.
   836 | D:1      | 836 ||| DROPPING scroll of butterflies.
   921 | D:2      | Found a faded altar of an unknown god.
  1357 | D:2      | 1357 ||| READING 4 scrolls labelled ERHEDEODWU.
  1357 | D:2      | 1357 ||| IDENTIFYING amethyst potion
  1358 | D:2      | 1358 ||| READING 3 scrolls of identify.
  1358 | D:2      | 1358 ||| IDENTIFYING fizzy dark potion
  1359 | D:2      | 1359 ||| READING 2 scrolls of identify.
  1359 | D:2      | 1359 ||| IDENTIFYING bubbling blue potion
  1360 | D:2      | 1360 ||| READING scroll of identify.
  1360 | D:2      | 1360 ||| IDENTIFYING murky ruby potion
  1361 | D:2      | 1361 ||| READING scroll labelled FUIZAU ZABLAN.
  1361 | D:2      | 1361 ||| BRANDING +0 shortbow.
  1362 | D:2      | 1362 ||| READING scroll labelled NASACZO HINTA.
  1363 | D:2      | 1363 ||| DRINKING 3 smoky purple potions.
  1364 | D:2      | 1364 ||| DROPPING potion of lignification.
  1365 | D:2      | 1365 ||| DROPPING potion of attraction.
  1366 | D:2      | 1366 ||| DROPPING potion of brilliance.
  1428 | D:3      | Reached XP level 4. HP: 22/22 MP: 5/5
  1872 | D:3      | Noticed Grinder
  1878 | D:3      | HP: 4/23 [Grinder (9)]
  1879 | D:3      | Slain by Grinder

Levels and vault maps discovered:
D:1:      lemuel_arrival_river_bridge, layout_basic, dk_noncrumbling_4,
          hex_tiny, minmay_tromino_v4_b
D:2:      layout_loops_ring, hellmonk_ecumenical_altar_arch_garden
D:3:      layout_loops_ring, nicolae_gozag_cash_rules_everything_around_me,
          uniq_grinder

Skill      XL: |  1  2  3  4 |
---------------+-------------+-----
Dodging        | 3 4 5 |  5.0
Ranged Weapons | 5 |  5.1
Fighting       | 2 |  2.1
Stealth        | |  1.5

Action                     |  1- 3 |  4- 6 || total
---------------------------+-------+-------++-------
   Fire: Shortbow          |   118 |    37 ||   155
    Use: Scroll            |     7 |       ||     7
         Potion            |     1 |       ||     1
 Armour: Robe              |     7 |     5 ||    12
  Dodge: Dodged            |    26 |     5 ||    31

Table legend:
 A = Non-vault XP
 B = Vault XP
 C = Vault XP percentage of total XP
 D = Non-vault monster count
 E = Vault monster count
 F = Vault count percentage of total count
                 A         B        C        D         E       F
            +---------+---------+-------+---------+---------+-------
      Total |     191 |       2 |   1.0 |      59 |       1 |   1.7
            +---------+---------+-------+---------+---------+-------
        D:1 |      40 |       2 |   4.8 |      22 |       1 |   4.3
        D:2 |      35 |       0 |   0.0 |      21 |       0 |   0.0
        D:3 |     116 |       0 |   0.0 |      16 |       0 |   0.0
            +---------+---------+-------+---------+---------+-------
